 Dungeon Crawl Stone Soup version 0.24.0-123-gd5b16e6ec5 (webtiles) character file.

Game seed: 13547840968678516576, levelgen mode: deterministic

3670 Curus the Carver (level 9, -3/79 HPs)
             Began as a Minotaur Fighter on Jan 10, 2020.
             Was an Initiate of Okawaru.
             Slain by an 11-headed hydra (6 damage)
             ... on level 1 of the Lair of Beasts.
             The game lasted 00:26:58 (5939 turns).

Curus the Carver (Minotaur Fighter)                 Turns: 5939, Time: 00:26:59

Health: -3/79      AC: 13    Str: 21    XL:     9   Next: 89%
Magic:  17/17      EV:  5    Int:  7    God:    Okawaru [......]
Gold:   243        SH:  9    Dex: 11    Spells: 8/8 levels left

rFire    . . .     SeeInvis .   a - +4 long sword
rCold    . . .     Gourm    .   c - +0 shield
rNeg     + . .     Faith    .   k - +2 chain mail {rPois}
rPois    +         Spirit   .   (helmet restricted)
rElec    .         Reflect  .   (no cloak)
rCorr    .         Harm     +   j - +0 pair of gloves
MR       .....                  (no boots)
Stlth    ..........             g - amulet of harm
HPRegen  0.23/turn              w - ring of magical power
MPRegen  0.15/turn              u - ring of positive energy

@: studying Poison Magic
A: retaliatory headbutt, horns 2
a: Renounce Religion


You were on level 1 of the Lair of Beasts.
You worshipped Okawaru.
Okawaru was noncommittal.
You were hungry.

You visited 3 branches of the dungeon, and saw 10 of its levels.

You collected 607 gold pieces.
You spent 364 gold pieces at shops.

Inventory:

Hand Weapons
 a - a +4 long sword (weapon)
Armour
 b - a +0 scale mail
 c - a +0 shield (worn)
 j - a +0 pair of gloves (worn)
 k - a +2 chain mail of poison resistance (worn)
 p - a +2 buckler
Jewellery
 g - an amulet of harm (around neck)
 l - an uncursed ring of stealth
 u - a ring of positive energy (right hand)
 w - a ring of magical power (left hand)
Wands
 d - a wand of polymorph (7)
Scrolls
 e - 3 scrolls of magic mapping
 i - 2 scrolls of noise
 m - 4 scrolls of identify
 n - 5 scrolls of immolation
 x - a scroll of amnesia
Potions
 h - 7 potions of curing
 o - a potion of magic
 r - 2 potions of heal wounds
 s - 2 potions of might
 t - a potion of resistance
 A - a potion of flight
Books
 q - a manual of Poison Magic
Comestibles
 f - 13 rations


   Skills:
 + Level 7.1 Fighting
 - Level 14.0 Long Blades
 + Level 7.2 Armour
 - Level 3.6 Shields


You had 8 spell levels left.
You didn't know any spells.
Your spell library was empty.

Dungeon Overview and Level Annotations

Branches:
Dungeon (8/15)             Temple (1/1) D:7            Lair (1/6) D:8

Altars:
Ashenzari
Cheibriados
Elyvilon
Fedhas
Gozag
Kikubaaqudgha
Makhleb
Nemelex Xobeh
Okawaru
Qazlal
Ru
Sif Muna
Uskayaw
Wu Jian
Xom
Yredelemnul
Zin

Shops:
D:6 }!

Annotations:
D:6 1 runed translucent door, raetorn's ghost, novice HOFi


Innate Abilities, Weirdness & Mutations

You reflexively headbutt those who attack you in melee.
You have a pair of horns on your head.


Message History

The ten-headed hydra bites you but does no damage.
The ten-headed hydra bites you.
The ten-headed hydra bites you but does no damage. x2
You chop one of the ten-headed hydra's heads off!
The nine-headed hydra grows two more!
You hit the 11-headed hydra. You headbutt the 11-headed hydra!!
The 11-headed hydra is heavily wounded.
The 11-headed hydra completely misses you.
You riposte.
You slash the 11-headed hydra! You headbutt the 11-headed hydra!
The 11-headed hydra is almost dead.
You block the 11-headed hydra's attack. The 11-headed hydra bites you. x2
* * * LOW HITPOINT WARNING * * *
The 11-headed hydra bites you.
* * * LOW HITPOINT WARNING * * *
The 11-headed hydra bites you!
* * * LOW HITPOINT WARNING * * *
The 11-headed hydra bites you.
* * * LOW HITPOINT WARNING * * *
You block the 11-headed hydra's attack. The 11-headed hydra bites you.
You die...

###.#.........(#.......#..
#......#...............#..
#..##..#.......#....PP#...
#. #..........#....P#.... #
#..#.......#...PP#....
#######..#.......#...P#...#.
.........#.......#...P#....#
.........###P.###....P#.....
..........D@........P#......
....................P#......
.....................#H.....
######...<..................
#....###.#.P##.........
#....+............#+###
#....P.......#...#.....
#....#.......P...#.....
##............+...#.....


You could see a 11-headed hydra.

Vanquished Creatures
  A manticore (D:6)
  Joseph (D:7)
  Prince Ribbit (D:7)
  A water moccasin (Lair:1)
  An orc warrior (D:7)
  A phantom (D:7)
  A sky beast (D:6)
  2 ice beasts (D:6)
  An ogre (D:4)
  A centaur (D:7)
  A crocodile (Lair:1)
  5 bullfrogs
  2 scorpions (D:7)
  A water moccasin skeleton (D:7)
  10 killer bees (D:7)
  5 wights (D:5)
  4 howler monkeys
  2 crimson imps
  A bullfrog zombie (D:5)
  4 orc wizards
  3 orc priests
  A gnoll shaman (D:7)
  3 hounds
  2 iguanas
  A worker ant (D:4)
  A hound skeleton (D:4)
  A worker ant zombie (D:5)
  10 adders
  3 gnolls (D:7)
  A shadow imp (D:5)
  3 worms
  3 dart slugs
  4 leopard geckos
  35 orcs
  3 ball pythons
  8 giant cockroaches
  7 goblins
  9 hobgoblins
  4 jackals (D:3)
  6 kobolds
  3 quokkas
  5 bats
  2 frilled lizards
  A jackal skeleton (D:4)
  2 quokka skeletons
  8 rats
175 creatures vanquished.

Vanquished Creatures (others)
  A plant (Lair:1)
1 creature vanquished.

Grand Total: 176 creatures vanquished

Notes
Turn   | Place    | Note
-------+----------+-------------------------------------------
     0 | D:1      | Curus the Minotaur Fighter began the quest for the Orb.
     0 | D:1      | Reached XP level 1. HP: 19/19 MP: 0/0
    49 | D:1      | Reached skill level 3 in Long Blades
    69 | D:1      | Reached XP level 2. HP: 18/26 MP: 1/1
   180 | D:1      | Reached skill level 4 in Long Blades
   339 | D:1      | Reached XP level 3. HP: 30/31 MP: 2/2
   782 | D:2      | Found a sacrificial altar of Ru.
   789 | D:2      | Reached skill level 5 in Long Blades
   997 | D:3      | Reached XP level 4. HP: 39/39 MP: 3/3
  1093 | D:3      | Found a shimmering blue altar of Sif Muna.
  1352 | D:3      | Reached skill level 6 in Long Blades
  1575 | D:3      | Reached XP level 5. HP: 44/45 MP: 4/4
  1904 | D:4      | Reached skill level 7 in Long Blades
  1955 | D:4      | Noticed an ogre
  1960 | D:4      | Killed an ogre
  1960 | D:4      | Reached skill level 8 in Long Blades
  1960 | D:4      | Reached XP level 6. HP: 49/51 MP: 5/5
  2598 | D:5      | Entered Level 5 of the Dungeon
  2608 | D:5      | Reached skill level 9 in Long Blades
  2610 | D:5      | Reached XP level 7. HP: 50/57 MP: 6/6
  2864 | D:5      | Reached skill level 10 in Long Blades
  3025 | D:5      | Found a basalt altar of Yredelemnul.
  3061 | D:5      | Found a sparkling altar of Nemelex Xobeh.
  3214 | D:5      | Found a shattered altar of Ashenzari.
  3214 | D:5      | Found a glowing silver altar of Zin.
  3217 | D:5      | Found an ancient bone altar of Kikubaaqudgha.
  3502 | D:6      | Found a runed translucent door.
  3518 | D:6      | Reached skill level 11 in Long Blades
  3518 | D:6      | Reached XP level 8. HP: 42/64 MP: 7/7
  3534 | D:6      | Noticed raetorn's ghost (novice HOFi)
  3703 | D:6      | Reached skill level 12 in Long Blades
  3721 | D:6      | Noticed a manticore
  3723 | D:6      | Killed a manticore
  3723 | D:6      | Reached skill level 13 in Long Blades
  3839 | D:6      | Found Uhegepa's Gadget Shoppe.
  3879 | D:6      | Found a snail-covered altar of Cheibriados.
  4033 | D:6      | Found Plog's Distillery.
  4036 | D:6      | Bought 2 potions of heal wounds for 140 gold pieces
  4036 | D:6      | Bought a potion of resistance for 140 gold pieces
  4036 | D:6      | Bought a potion of curing for 42 gold pieces
  4036 | D:6      | Bought a potion of curing for 42 gold pieces
  4564 | D:7      | Reached XP level 9. HP: 66/70 MP: 8/8
  4637 | D:7      | Reached skill level 14 in Long Blades
  4769 | D:7      | Noticed Prince Ribbit
  4850 | D:7      | Reached skill level 5 in Fighting
  4850 | D:7      | Reached skill level 5 in Armour
  5168 | D:7      | Noticed Joseph
  5184 | D:7      | Killed Joseph
  5235 | D:7      | Found a staircase to the Ecumenical Temple.
  5251 | D:7      | Killed Prince Ribbit
  5272 | Temple   | Entered the Ecumenical Temple
  5388 | Temple   | Became a worshipper of Warmaster Okawaru
  5590 | D:8      | Found a white marble altar of Elyvilon.
  5622 | D:8      | Found a staircase to the Lair.
  5626 | Lair:1   | Entered Level 1 of the Lair of Beasts
  5899 | Lair:1   | Noticed a seven-headed hydra
  5939 | Lair:1   | HP: 3/79 [11-headed hydra (2)]
  5939 | Lair:1   | Slain by an 11-headed hydra

Levels and vault maps discovered:
D:1:      denvon_arrival_planthouse, layout_basic
D:2:      layout_rooms, nicolae_ru_sacrificial_ziggurat
D:3:      layout_loops_cross, led_sif_book
D:4:      layout_loops_ring
D:5:      layout_basic, overflow_temple_1_default, grunt_temple_overflow_open,
          first_ration
D:6:      layout_basic, kennysheep_slug_shrine, ebering_ghost_sewer_d,
          serial_shops, shop, shop_coins, minmay_hedge_maze,
          minmay_manual_mullet
D:7:      layout_rooms, minmay_temple_entry_junction_2, eino_jars, uniq_joseph,
          uniq_prince_ribbit1
D:8:      layout_loops_ring, nicolae_dithmenos_the_darkroom, elyvilon_altar_1,
          lair_entry_dummy, serial_shops, kennysheep_little_box, grunt_ogre_cave
Temple:   minmay_temple_curvy_loop
Lair:1:   layout_regular_city, ebering_ghost_disaster_area,
          hangedman_lair_unloving_vines

Skill      XL: |  1  2  3  4  5  6  7  8  9 |
---------------+----------------------------+-----
Long Blades    | 3 4 5 6 8 9 11 13 14 | 14.0
Fighting       | 7 |  7.1
Armour         | 7 |  7.2
Shields        | |  3.6

Action                   |  1- 3 |  4- 6 |  7- 9 || total
-------------------------+-------+-------+-------++-------
Melee: Long sword        |    83 |   153 |   256 ||   492
       Headbutt          |    11 |    21 |    43 ||    75
  Use: Scroll            |     4 |     4 |     5 ||    13
       Potion            |     1 |     2 |     6 ||     9
 Stab: Invisible         |       |       |     1 ||     1
  Eat: Chunk             |       |     6 |    10 ||    16
Armor: Scale mail        |    35 |    24 |       ||    59
       Chain mail        |       |    42 |    96 ||   138
Dodge: Dodged            |    13 |    27 |    50 ||    90
Block: Shield            |    27 |    71 |    97 ||   195
       Rpst.: Long sword |     5 |     9 |    13 ||    27
